Map: Jagannatha LE

Players

Stats

  • Race: Protoss Protoss
  • Spawn Location: 7:00

Reynor - Winner!

  • Race: Zerg Zerg
  • Spawn Location: 1:00

Event: IEM Katowice 2021

VOD

Have the link to the VOD?

Description

Time

  • Played on: Feb. 26, 2021, 9:11 a.m.
  • Length: 12:00

All games in this series

Show
View Real Time Build Order
Export as new Build Order

Stats Protoss 

Build Orders: 1 Gate Expand, Oracle Opening, Archon Immortal 

Get SALT Encoding   

  12  0:00  Probe  
  13  0:13  Pylon  
  13  0:17  Probe (Chrono Boost)  
  14  0:26  Probe (Chrono Boost)  
  15  0:32  Probe  
  16  0:41  Gateway  
  16  0:44  Probe  
  16  0:48  Assimilator  
  17  0:56  Probe  
  18  1:08  Probe  
  19  1:20  Probe  
  20  1:27  Nexus  
  20  1:35  Cybernetics Core  
  20  1:39  Probe  
  21  1:45  Assimilator  
  21  1:51  Probe  
  22  1:55  Pylon  
  22  2:02  Probe  
  23  2:10  Adept (Chrono Boost), Probe  
  26  2:18  Stargate, Probe  
  26  2:27  Warp Gate  
  27  2:30  Probe (Chrono Boost)  
  27  2:34  Adept  
  30  2:40  Probe (Chrono Boost)  
  32  2:47  Probe (Chrono Boost)  
  32  2:49  Probe (Chrono Boost)  
  33  2:54  Void Ray (Chrono Boost), Probe x2 (Chrono Boost)  
  39  3:06  Probe  
  39  3:08  Probe  
  39  3:11  Pylon  
  41  3:18  Probe  
  42  3:20  Gateway, Probe  
  43  3:30  Oracle, Probe  
  43  3:32  Probe  
  48  3:42  Probe  
  48  3:44  Probe  
  50  3:49  Nexus  
  50  3:52  Pylon  
  50  3:57  Probe x2  
  50  3:59  Assimilator  
  50  4:01  Assimilator  
  52  4:07  Stargate  
  52  4:10  Probe x2  
  54  4:17  Void Ray (Chrono Boost)  
  54  4:18  Pylon  
  54  4:22  Probe x2  
  60  4:34  Probe x2  
  60  4:39  Adept  
  60  4:44  Void Ray (Chrono Boost), Forge  
  60  4:45  Twilight Council  
  62  4:46  Probe x2  
  64  4:58  Probe (Chrono Boost)  
  70  5:00  Void Ray (Chrono Boost), Probe (Chrono Boost)  
  70  5:05  Probe (Chrono Boost)  
  75  5:11  Probe (Chrono Boost)  
  78  5:15  Pylon, Probe x2 (Chrono Boost)  
  78  5:16  Probe (Chrono Boost)  
  78  5:18  Protoss Ground Weapons Level 1 (Chrono Boost)  
  78  5:20  Probe (Chrono Boost)  
  79  5:21  Charge  
  79  5:22  Probe  
  79  5:25  Probe  
  82  5:31  Robotics Facility  
  82  5:32  Probe  
  82  5:34  Probe  
  84  5:38  Probe  
  84  5:40  Assimilator  
  84  5:42  Assimilator  
  85  5:44  Probe  
  85  5:45  Gateway  
  85  5:46  Gateway  
  85  5:47  Probe  
  85  5:49  Pylon  
  87  5:50  Templar Archives  
  87  5:53  Pylon  
  87  5:54  Probe  
  87  5:56  Probe  
  89  5:59  Probe  
  89  6:03  Pylon  
  90  6:08  Shield Battery  
  90  6:10  Gateway  
  90  6:11  Gateway  
  90  6:14  Gateway x2  
  90  6:15  Warp Prism (Chrono Boost)  
  90  6:18  Psionic Storm  
  90  6:24  Probe  
  93  6:27  High Templar x2  
  93  6:28  Pylon  
  97  6:40  Zealot, High Templar  
  101  6:47  Immortal  
  101  6:51  Nexus  
  101  6:53  Pylon  
  105  7:02  Zealot x3  
  105  7:07  Pylon  
  105  7:08  Pylon  
  111  7:09  Zealot  
  111  7:10  High Templar  
  115  7:19  Shield Battery  
  115  7:20  Shield Battery  
  115  7:22  Photon Cannon  
  115  7:25  Protoss Ground Weapons Level 2  
  115  7:26  Immortal (Chrono Boost)  
  115  7:28  Protoss Air Weapons Level 1  
  119  7:37  Probe x3  
  119  7:40  Photon Cannon  
  119  7:42  Photon Cannon  
  122  7:44  Photon Cannon  
  122  7:51  Photon Cannon  
  112  7:57  Fleet Beacon  
  112  8:02  Zealot, Photon Cannon  
  112  8:03  Zealot x3, Immortal (Chrono Boost)  
  124  8:07  High Templar  
  124  8:08  High Templar x3  
  132  8:13  Probe x3  
  132  8:14  Archon x2  
  132  8:17  Assimilator  
  132  8:19  Pylon  
  135  8:25  Assimilator, Probe  
  133  8:32  Immortal (Chrono Boost)  
  137  8:34  Zealot x2  
  137  8:35  Zealot x2  
  137  8:52  Archon  
  123  8:57  Archon, Zealot x6  
  123  8:58  Zealot x2  
  133  9:04  Immortal  
  101  9:18  Shield Battery  
  101  9:19  Photon Cannon  
  101  9:22  Zealot x6, Shield Battery  
  105  9:24  Zealot x2, Carrier (Chrono Boost)  
  105  9:25  Carrier (Chrono Boost)  
  121  9:34  Photon Cannon  
  121  9:43  Immortal (Chrono Boost)  
  121  9:45  High Templar x4  
  121  9:46  Sentry x2  
  121  9:47  Zealot x2  
  115  9:53  Archon x2  
  103  10:09  Zealot x4  
  103  10:19  High Templar x3  
  113  10:24  Gateway  
  113  10:25  Gateway  
  105  10:28  Shield Battery  
  105  10:30  Zealot x5  
  105  10:31  Photon Cannon  
  105  10:33  Photon Cannon x2  
  98  10:52  Zealot x7  
  98  10:55  Probe  
  98  10:56  Immortal, Probe x2  
  104  10:59  Pylon  
  104  11:08  Probe x3  
  107  11:14  High Templar x5  
  107  11:15  High Templar  
  107  11:16  Zealot  
  117  11:19  Archon x2  
  117  11:20  Archon  
  105  11:25  Archon  
  114  11:47  Zealot x3  
Show
View Real Time Build Order
Export as new Build Order

Reynor Zerg - Winner!

Build Orders: Hatch First 

Get SALT Encoding   

  12  0:00  Drone  
  13  0:12  Overlord  
  13  0:17  Drone  
  14  0:30  Drone x2  
  17  0:42  Drone  
  17  0:52  Hatchery  
  17  0:55  Drone  
  17  0:59  Drone  
  18  1:10  Extractor  
  17  1:17  Spawning Pool, Drone  
  17  1:22  Drone  
  18  1:28  Drone  
  19  1:39  Drone  
  20  1:49  Overlord  
  20  2:03  Queen  
  20  2:04  Queen  
  20  2:05  Drone  
  20  2:06  Zergling x2  
  26  2:11  Drone  
  26  2:15  Zergling x2  
  28  2:16  Metabolic Boost  
  28  2:21  Drone  
  29  2:25  Drone  
  31  2:37  Drone  
  31  2:41  Hatchery  
  30  2:47  Drone  
  30  2:48  Overlord  
  31  2:52  Drone  
  31  2:56  Queen  
  34  3:03  Spore Crawler  
  33  3:07  Drone x3  
  33  3:08  Drone  
  39  3:12  Zergling x2  
  39  3:19  Zergling x2  
  40  3:20  Overlord, Queen  
  40  3:23  Drone  
  40  3:26  Drone  
  44  3:31  Overlord  
  44  3:37  Queen  
  44  3:39  Zergling x2  
  47  3:43  Overlord  
  47  3:50  Zergling x8  
  47  3:51  Drone  
  47  3:55  Queen  
  54  3:56  Drone  
  55  4:04  Drone x3  
  55  4:05  Drone x2  
  55  4:08  Drone  
  61  4:13  Drone  
  61  4:14  Drone x2  
  61  4:16  Overlord  
  64  4:18  Drone x2  
  66  4:28  Roach Warren  
  64  4:35  Drone x4  
  63  4:38  Drone x2  
  63  4:41  Lair  
  63  4:44  Drone  
  66  4:46  Drone x3  
  66  4:50  Extractor  
  66  4:52  Drone x3  
  71  4:55  Spore Crawler  
  71  4:57  Overlord  
  71  4:58  Drone  
  72  5:00  Drone  
  72  5:02  Drone x2  
  72  5:04  Overlord  
  74  5:12  Extractor  
  74  5:13  Extractor, Overlord, Queen  
  74  5:18  Overlord, Drone x3  
  76  5:22  Drone  
  76  5:23  Drone x4  
  76  5:25  Drone  
  82  5:30  Evolution Chamber  
  82  5:34  Drone x3  
  82  5:35  Overlord  
  84  5:37  Drone x2  
  84  5:42  Extractor  
  85  5:43  Queen  
  85  5:44  Drone x2  
  85  5:45  Extractor  
  88  5:51  Queen  
  88  5:52  Drone  
  91  5:58  Zerg Missile Weapons Level 1, Glial Reconstitution  
  91  6:00  Hatchery  
  91  6:02  Overlord  
  89  6:05  Drone  
  89  6:06  Spore Crawler  
  89  6:09  Overseer  
  89  6:14  Queen  
  89  6:16  Drone  
  89  6:17  Spore Crawler  
  91  6:19  Drone x10  
  91  6:21  Overlord  
  91  6:24  Queen  
  102  6:32  Queen  
  104  6:37  Drone x4  
  104  6:38  Overlord  
  108  6:50  Overlord, Drone x2  
  108  6:53  Overlord  
  110  6:57  Queen  
  110  6:59  Queen  
  114  7:05  Drone, Spire  
  114  7:12  Roach x12  
  114  7:14  Roach  
  140  7:17  Roach x3  
  140  7:21  Spire  
  150  7:22  Roach x2  
  150  7:23  Overlord  
  150  7:34  Overlord x3  
  150  7:36  Overlord  
  150  7:37  Queen  
  148  7:40  Overlord  
  148  7:41  Queen  
  148  7:42  Overseer  
  152  7:45  Roach x3  
  152  7:46  Overlord  
  158  7:53  Roach x7  
  172  8:01  Ravager x11  
  172  8:02  Ravager  
  172  8:03  Ravager x2  
  172  8:04  Zergling x8, Roach x2  
  172  8:05  Zergling x2  
  195  8:12  Spine Crawler x2, Roach  
  197  8:13  Roach x2  
  197  8:18  Ravager  
  200  8:22  Extractor  
  193  8:45  Roach x5  
  187  8:55  Roach x12  
  197  8:58  Roach  
  197  8:59  Roach x2, Queen  
  194  9:04  Queen x2  
  194  9:05  Roach x2  
  194  9:06  Roach x2  
  194  9:07  Queen  
  194  9:09  Roach  
  195  9:10  Roach x3  
  195  9:11  Roach  
  195  9:15  Roach x2  
  187  9:22  Roach  
  187  9:23  Roach x2  
  178  9:25  Roach  
  178  9:27  Extractor  
  178  9:29  Ravager x7  
  178  9:31  Zergling x2  
  187  9:33  Spore Crawler  
  187  9:34  Zergling x2, Spine Crawler, Roach x2  
  187  9:35  Spine Crawler, Queen  
  191  9:39  Ravager  
  191  9:40  Zergling x2, Roach x2, Queen  
  191  9:44  Zergling x2, Roach  
  198  9:45  Roach  
  198  9:47  Ravager  
  198  9:49  Hatchery  
  198  9:51  Roach  
  186  9:53  Roach  
  186  9:55  Queen x2  
  186  9:57  Roach x2  
  186  9:58  Roach  
  180  10:03  Roach  
  171  10:09  Roach x6  
  171  10:10  Roach x2  
  171  10:11  Ravager, Queen  
  189  10:17  Roach x2  
  189  10:18  Roach  
  189  10:20  Roach  
  190  10:24  Roach x2  
  189  10:31  Roach x2  
  189  10:33  Roach  
  189  10:35  Roach x2  
  189  10:36  Queen x2  
  189  10:41  Zergling x6, Roach  
  189  10:45  Queen  
  189  10:49  Zergling x8, Roach  
  183  10:56  Roach  
  187  10:57  Roach x5  
  187  10:58  Queen  
  187  11:02  Ravager x4  
  187  11:03  Ravager  
  180  11:10  Roach x6  
  192  11:11  Queen  
  192  11:16  Spire  
  192  11:17  Zergling x4, Roach  
  190  11:20  Queen  
  184  11:28  Roach x5  
  181  11:34  Ravager x3  
  181  11:38  Zergling x10, Roach  

Tags
 
Add a new tag
Caveats
  • Supply blocks, unpowered buildings, or Contaminate may cause inaccurate times.
  • Supply counts are checked every 10 seconds.